 Dungeon Crawl Stone Soup version 0.24.0 (webtiles) character file.

Game seed: 2680929146819362260, levelgen mode: deterministic

20732 Mrkan the Blocker (level 12, -4/118 HPs)
             Began as a Minotaur Fighter on Oct 25, 2019.
             Was an Initiate of Gozag.
             Incinerated by a smoke demon (6 damage)
             ... with a sticky flame
             ... on level 3 of the Abyss.
             The game lasted 00:33:41 (14172 turns).

Mrkan the Blocker (Minotaur Fighter)               Turns: 14172, Time: 00:33:41

Health: -4/118     AC: 13    Str: 25    XL:     12   Next: 48%
Magic:  7/7        EV: 11    Int: 10    God:    Gozag
Gold:   1978       SH: 15    Dex: 20    Spells: 11/11 levels left

rFire    . . .     SeeInvis .   B - +1 flail (protect)
rCold    . . .     Gourm    .   c - +0 shield
rNeg     . . .     Faith    .   s - +0 plate armour
rPois    +         Spirit   .   (helmet restricted)
rElec    .         Reflect  .   (no cloak)
rCorr    .         Harm     .   K - +1 pair of gloves
MR       .....                  (no boots)
Stlth    ..........             (no amulet)
HPRegen  0.29/turn              m - ring of poison resistance
MPRegen  0.10/turn              t - +3 ring of strength

@: mighty, brilliant, agile, liquid flames, glowing
A: retaliatory headbutt, horns 2, [blurry vision 2], [low mp 3], [weak 2]
a: Potion Petition, Call Merchant, Bribe Branch, Renounce Religion


You were on level 3 of the Abyss.
You worshipped Gozag.
Gozag was most pleased with you.
You were not hungry.

You visited 3 branches of the dungeon, and saw 16 of its levels.
You visited the Abyss 1 time.
You also visited: Sewer.

You collected 3182 gold pieces.
You paid 1204 gold pieces to Gozag.

Inventory:

Hand Weapons
 a - a +0 flail
 g - the cursed +0 falchion of the Forsaken Beds {drain, rElec Int+3 SInv, unknown}
   (You found it on level 8 of the Dungeon)

   A truly terrible weapon, it drains the life of those it strikes.
   It affects your intelligence (+3).
   It insulates you from electricity.
   It lets you see invisible.
   It has a curse placed upon it.
 B - a +1 flail of protection (weapon)
 I - a +5 mace
Missiles
 A - 186 stones (quivered)
Armour
 c - a +0 shield (worn)
 s - a +0 plate armour (worn)
 K - a +1 pair of gloves (worn)
Jewellery
 i - an uncursed ring of flight {unknown}
 m - a ring of poison resistance (left hand)
 t - a +3 ring of strength (right hand)
 v - an uncursed ring of wizardry
 D - an uncursed ring of flight {unknown}
 M - an uncursed ring of fire
 O - a +2 ring of evasion {unknown}
 U - a +4 ring of dexterity {unknown}
 V - an uncursed amulet of magic regeneration {unknown}
 Y - an uncursed amulet of magic regeneration {unknown}
 Z - an uncursed amulet of magic regeneration {unknown}
Wands
 o - a wand of enslavement (19)
 y - a wand of flame (58)
 z - a wand of clouds (12)
 E - a wand of acid (6)
 L - a wand of polymorph (8)
 S - a wand of scattershot (7)
Scrolls
 b - a scroll of vulnerability {unknown}
 d - 8 scrolls of teleportation
 h - a scroll of blinking {unknown}
 k - 3 scrolls of random uselessness {unknown}
 l - a scroll of amnesia {unknown}
 n - 5 scrolls of enchant armour
 q - a scroll of immolation {unknown}
 r - 8 scrolls of remove curse {unknown}
 C - a scroll of noise {unknown}
 F - a scroll of summoning {unknown}
 G - 2 scrolls of magic mapping {unknown}
 J - a scroll of enchant weapon {unknown}
 P - 3 scrolls of fear {unknown}
 Q - 2 scrolls of silence {unknown}
 R - 3 scrolls of identify
Potions
 e - 2 potions of resistance {unknown}
 j - 3 potions of curing {unknown}
 p - 7 potions of flight
 u - 2 potions of degeneration {unknown}
 w - 3 potions of cancellation {unknown}
 x - a potion of haste
 H - 2 potions of berserk rage {unknown}
 N - 2 potions of mutation {unknown}
 T - a potion of magic {unknown}
 X - 4 potions of agility {unknown}
Miscellaneous
 W - a crystal ball of energy
Comestibles
 f - 27 rations


   Skills:
 + Level 14.3 Fighting
 - Level 14.0 Maces & Flails
 - Level 3.6 Armour
 + Level 14.3 Shields


You had 11 spell levels left.
You didn't know any spells.
Your spell library contained the following spells:

 Spells                   Type           Power        Failure   Level  Hunger
 Animate Skeleton         Necr           N/A          50%         1    ##.....
 Freeze                   Ice            #...         50%         1    ##.....
 Magic Dart               Conj           #...         50%         1    ##.....
 Pain                     Necr           #...         50%         1    ##.....
 Shock                    Conj/Air       #...         50%         1    ##.....
 Corpse Rot               Necr           N/A          63%         2    ###....
 Searing Ray              Conj           #.....       63%         2    ###....
 Sublimation of Blood     Necr           #.........   63%         2    ###....
 Swiftness                Chrm/Air       #.......     63%         2    ###....
 Throw Frost              Conj/Ice       #.....       63%         2    ###....
 Dazzling Spray           Conj/Hex       #.....       82%         3    ####...
 Ozocubu's Armour         Chrm/Ice       #.......     82%         3    ####...
 Recall                   Summ/Tloc      N/A          82%         3    ####...
 Regeneration             Chrm/Necr      #.........   82%         3    ####...
 Static Discharge         Conj/Air       #.......     82%         3    ####...
 Vampiric Draining        Necr           #.........   82%         3    ####...
 Airstrike                Air            #.........   99%         4    #####..
 Animate Dead             Necr           N/A          99%         4    #####..
 Cause Fear               Hex            #.........   99%         4    #####..
 Force Lance              Conj/Tloc      #.......     99%         4    #####..
 Fulminant Prism          Conj/Hex       #.........   99%         4    #####..
 Iskenderun's Mystic Bla  Conj           #.......     99%         4    #####..
 Summon Ice Beast         Ice/Summ       #.......     99%         4    #####..
 Throw Icicle             Conj/Ice       #.......     99%         4    #####..
 Agony                    Necr           #.......     100%        5    ######.
 Bolt of Draining         Conj/Necr      #.........   100%        5    ######.
 Borgnjor's Vile Clutch   Necr/Erth      #.........   100%        5    ######.
 Dispel Undead            Necr           #.......     100%        5    ######.
 Excruciating Wounds      Chrm/Necr      #.........   100%        5    ######.
 Lightning Bolt           Conj/Air       #.........   100%        5    ######.
 Silence                  Hex/Air        #.........   100%        5    ######.
 Yara's Violent Unravell  Hex/Tmut       #.........   100%        5    ######.
 Death Channel            Necr           #.........   100%        6    #######
 Deflect Missiles         Chrm/Air       #.........   100%        6    #######
 Simulacrum               Ice/Necr       #.........   100%        6    #######
 Discord                  Hex            #.........   100%        8    #######


Dungeon Overview and Level Annotations

Branches:
Dungeon (11/15)            Temple (1/1) D:4            Lair (4/6) D:8
 Shoals (0/4) Lair:4          Orc (0/2) D:11          Sewer (visited)
  Snake: Lair:2-4    Spider: Lair:2-4

Altars:
Ashenzari
Cheibriados
Dithmenos
Elyvilon
Fedhas
Gozag
Hepliaklqana
Kikubaaqudgha
Makhleb
Nemelex Xobeh
Okawaru
Qazlal
Ru
Sif Muna
Trog
Uskayaw
Vehumet
Wu Jian
Xom
Yredelemnul
Zin
The Shining One

Shops:
D:8 }

Annotations:
D:4 3 runed translucent doors, Mrkan's ghost, novice GrFi
Lair:4 Sonja


Innate Abilities, Weirdness & Mutations

You reflexively headbutt those who attack you in melee.
You have a pair of horns on your head.
[Scrolls take you longer to read.]
[Your magical capacity is extremely low. (-30% MP)]
[You are very weak. (Str -4)]


Message History

[c] - 300 gold - might, agility and brilliance Purchase which effect? [a] - 960 gold - haste, resistance, might, agility and brilliance [b] - 552 gold - resistance, might and haste [c] - 300 gold - might, agility and brilliance Purchase which effect? [a] - 960 gold - haste, resistance, might, agility and brilliance [b] - 552 gold - resistance, might and haste [c] - 300 gold - might, agility and brilliance Purchase which effect?
You feel very mighty all of a sudden.
You feel agile all of a sudden.
You feel clever all of a sudden.
You are covered in liquid flames!
* * * LOW HITPOINT WARNING * * *
Okay, then.
You are covered in liquid flames!
* * * LOW HITPOINT WARNING * * *
You are covered in liquid flames!
You die...
Your body crumbles into a pile of gold.

...... ......
...... ##....#
.......
.......#####.#.
...............
.......@.......
......#....(...
#.... ##...#...
.... ....# .
... ...... .#
...#.#. ..#....
....... $


There were no monsters in sight!

Vanquished Creatures
  Josephine (Lair:4)
  3 hydras
  3 two-headed ogres
  An unseen horror (D:11)
  A manticore (Lair:4)
  2 black mambas (Lair:2)
  4 spiny frogs
  A komodo dragon (Lair:4)
  A kobold demonologist (D:11)
  A troll (D:11)
  3 hippogriffs
  A spriggan (D:11)
  A vampire (D:11)
  8 wraiths
  8 yaks
  Grum (D:11)
  3 basilisks
  A hungry ghost (D:11)
  Menkaure (D:6)
  Edmund (D:4)
  A two-headed ogre zombie (D:11)
  5 water moccasins
  Duvessa (D:7)
  A black bear (D:11)
  3 orc warriors
  6 porcupines
  4 ice beasts
  5 phantoms
  5 sky beasts
  5 ogres
  4 wolves (D:11)
  4 centaurs
  7 crocodiles
  3 big kobolds
  14 bullfrogs
  A gnoll sergeant (D:11)
  Dowan (D:7)
  A water moccasin zombie (D:4)
  2 scorpions
  2 troll zombies (D:11)
  10 killer bees
  4 wights (D:6)
  2 howler monkeys (D:7)
  4 crimson imps
  2 quasits
  A bullfrog zombie (D:8)
  3 orc priests
  Crazy Yiuf (D:2)
  3 bullfrog skeletons
  5 hounds
  2 jellies
  9 iguanas
  15 worker ants
  A merfolk siren (Sewer)
  5 orc wizards
  A merfolk avatar (Sewer)
  5 ogre zombies (D:11)
  A hound skeleton (D:4)
  Robin (D:2)
  5 gnolls (D:11)
  15 adders
  4 river rats (Sewer)
  2 adder zombies
  An adder skeleton (D:4)
  3 worms
  3 dart slugs
  9 leopard geckos
  38 orcs
  10 ball pythons
  8 bats
  8 giant cockroaches
  16 goblins
  10 hobgoblins
  14 jackals
  23 kobolds
  2 quokkas
  10 frilled lizards
  A goblin skeleton (D:11)
  5 goblin zombies (D:11)
  A hobgoblin skeleton (D:11)
  A hobgoblin zombie (D:11)
  3 orc skeletons (D:11)
  14 orc zombies (D:11)
  26 rats
  A fungus (D:2)
  2 plants (D:8)
431 creatures vanquished.

Vanquished Creatures (others)
  An orc wizard (D:8)
  A bush (D:8)
2 creatures vanquished.

Grand Total: 433 creatures vanquished

Notes
Turn   | Place    | Note
-------+----------+-------------------------------------------
     0 | D:1      | Mrkan the Minotaur Fighter began the quest for the Orb.
     0 | D:1      | Reached XP level 1. HP: 19/19 MP: 0/0
   104 | D:1      | Reached XP level 2. HP: 24/27 MP: 1/1
   529 | D:1      | Reached XP level 3. HP: 31/33 MP: 2/2
   941 | D:2      | Found a faded altar of an unknown god.
  1101 | D:2      | Reached XP level 4. HP: 40/40 MP: 3/3
  1150 | D:2      | Found a runed translucent door.
  1151 | D:2      | Noticed Crazy Yiuf
  1163 | D:2      | Killed Crazy Yiuf
  1418 | D:2      | Noticed Robin
  1452 | D:2      | Reached XP level 5. HP: 36/47 MP: 4/4
  1459 | D:2      | Killed Robin
  1510 | D:2      | Reached skill level 5 in Maces & Flails
  1716 | D:3      | Found a shimmering blue altar of Sif Muna.
  1716 | D:3      | Found a blossoming altar of Fedhas.
  2174 | D:3      | Found a glowing drain.
  2178 | Sewer    | Entered a sewer
  2188 | Sewer    | Reached skill level 5 in Fighting
  2216 | Sewer    | Reached skill level 5 in Shields
  2289 | Sewer    | Reached XP level 6. HP: 20/56 MP: 5/5
  2945 | D:4      | Reached XP level 7. HP: 40/62 MP: 6/6
  2981 | D:4      | Noticed Edmund
  3017 | D:4      | Found a staircase to the Ecumenical Temple.
  3025 | D:4      | Killed Edmund
  3041 | Temple   | Entered the Ecumenical Temple
  3172 | Temple   | Became a worshipper of Gozag Ym Sagoz the Greedy
  3235 | D:4      | Found a runed translucent gate.
  3235 | D:4      | Found a runed translucent gate.
  3235 | D:4      | Found a runed translucent gate.
  3238 | D:4      | Noticed Mrkan's ghost (novice GrFi)
  3594 | D:5      | Entered Level 5 of the Dungeon
  3702 | D:5      | Reached XP level 8. HP: 71/71 MP: 7/7
  4535 | D:6      | Noticed Menkaure
  4546 | D:6      | Killed Menkaure
  4546 | D:6      | Reached skill level 10 in Maces & Flails
  5133 | D:7      | Reached XP level 9. HP: 81/81 MP: 8/8
  5159 | D:7      | Noticed Duvessa
  5160 | D:7      | Noticed Dowan
  5168 | D:7      | Killed Duvessa
  5174 | D:7      | Killed Dowan
  5240 | D:7      | Found a bloodstained altar of Trog.
  5505 | D:7      | Noticed a two-headed ogre
  5517 | D:6      | Killed a two-headed ogre
  6202 | D:7      | Reached XP level 10. HP: 91/91 MP: 9/9
  6712 | D:8      | Found a staircase to the Lair.
  6844 | D:8      | Reached skill level 10 in Shields
  6879 | D:8      | Reached skill level 10 in Fighting
  6978 | D:8      | Found a hide-covered altar of Uskayaw.
  6992 | D:8      | Got a jewelled falchion
  7018 | D:8      | Found Ysapuadiur's Gadget Shoppe.
  7653 | D:9      | Found a glowing silver altar of Zin.
  7656 | D:9      | Found a sparkling altar of Nemelex Xobeh.
  7658 | D:9      | Found an iron altar of Okawaru.
  7758 | D:9      | Noticed a two-headed ogre
  7766 | D:9      | Killed a two-headed ogre
  8335 | D:10     | Entered Level 10 of the Dungeon
  9124 | D:11     | Noticed a two-headed ogre
  9133 | D:11     | Reached XP level 11. HP: 91/101 MP: 10/10
  9138 | D:11     | Killed a two-headed ogre
  9174 | D:11     | Noticed Grum
  9193 | D:11     | Noticed a seven-headed hydra
  9217 | D:11     | Killed a seven-headed hydra
  9313 | D:11     | Killed Grum
  9605 | D:11     | Found a staircase to the Orcish Mines.
  9948 | D:11     | HP: 5/104 [something (2)]
  9955 | D:11     | HP: 5/156 [something (1)]
  9968 | D:11     | HP: 6/156 [something (2)]
  9973 | D:11     | Killed an unseen horror
 10953 | Lair:1   | Entered Level 1 of the Lair of Beasts
 12074 | Lair:2   | Reached XP level 12. HP: 115/115 MP: 11/11
 12104 | Lair:2   | Noticed a four-headed hydra
 12118 | Lair:2   | Killed a four-headed hydra
 12245 | Lair:2   | Noticed a four-headed hydra
 12266 | Lair:2   | Killed a four-headed hydra
 13398 | Lair:4   | Noticed Josephine
 13420 | Lair:4   | Killed Josephine
 13926 | Lair:4   | Found a staircase to the Shoals.
 14093 | Lair:4   | Noticed Sonja
 14104 | Lair:4   | Cast into level 2 of the Abyss (Sonja)
 14119 | Abyss:2  | Found a hazy altar of Hepliaklqana.
 14146 | Abyss:2  | Noticed a starcursed mass
 14164 | Abyss:2  | Paralysed by accursed screaming for 1 turns
 14171 | Abyss:3  | HP: 2/118 [burnt (5)]
 14172 | Abyss:3  | Incinerated by a smoke demon

Levels and vault maps discovered:
D:1:      lightli_iron_boxes, layout_loops_cross
D:2:      layout_loops_ring, chequers_ecumenical_altar_grove, first_ration,
          minmay_splitting_lines, kennysheep_potato, uniq_robin,
          uniq_crazy_yiuf_cottage
D:3:      layout_rooms, gammafunk_temple_overflow_wave, gup_sewer_entry_spiral
D:4:      layout_cave_pools, temple_doors_ab, gammafunk_ghost_split, uniq_edmund
D:5:      layout_loops_ring
D:6:      layout_basic, mrwooster_statue_mirror, uniq_menkaure
D:7:      layout_basic, serial_glass, glass_columns_a, glass_columns_a,
          trog_butcher_becter, uniq_duvessa
D:8:      layout_loops_ring, eat_drink_and_be_merry_uskayaw,
          minmay_lair_entry_grove, serial_shops, nicolae_shop_waterfront
D:9:      layout_basic, grunt_temple_overflow_open
D:10:     layout_basic
D:11:     layout_roguey, zombieorc2_lemuel, the_bakery, uniq_grum
Temple:   nicolae_temple_elliptical
Lair:1:   layout_regular_city, minmay_hedge_maze
Lair:2:   layout_regular_city, grunt_megastairs_1, lemuel_fruit_fields
Lair:3:   layout_cave_pods
Lair:4:   layout_small_grid, minmay_shoals_entry_beasts,
          nicolae_spider_entry_orb_guardian, minivault_26, uniq_sonja,
          uniq_josephine
Abyss:3:  evilmike_abyss_rune_siren_acolytes, evilmike_abyss_exit_kraken
